 Dungeon Crawl Stone Soup version 0.30-a0-172-gc5509c9e31 (webtiles) character file.

Game seed: 14908565418943745781

238 qw the Chopper (level 6, -3/37 HPs)
             Began as a Gargoyle Fighter on Oct 1, 2022.
             Killed from afar by Terence (16 damage)
             ... with a bolt of light
             ... on level 3 of the Dungeon.
             The game lasted 00:00:53 (2194 turns).

qw the Chopper (Gargoyle Fighter)                   Turns: 2194, Time: 00:00:53

Health: -3/37      AC: 15    Str: 22    XL:     6   Next: 7%
Magic:  6/6        EV: 13    Int:  8    God:
Gold:   83         SH:  4    Dex:  9    Spells: 5/5 levels left

rFire   . . .      SeeInvis .    Y - +1 war axe
rCold   . . .      Faith    .    c - +0 buckler
rNeg    + . .      Spirit   .    b - +0 scale mail
rPois   inf        Reflect  .    (no helmet)
rElec   +          Harm     .    (no cloak)
rCorr   .          Rampage  .    (no gloves)
Will    .....                    (no boots)
Stlth   ..........               (no amulet)
HPRegen 0.26/turn                l - +4 ring of evasion
MPRegen 0.10/turn                a - +4 ring of protection

@: no status effects
A: sickness immunity, AC +4, negative energy resistance 1, electricity
resistance, torment resistance 1, petrification resistance
a: no special abilities


You were on level 3 of the Dungeon.
You visited 1 branch of the dungeon, and saw 3 of its levels.

You collected 83 gold pieces.


Innate Abilities, Weirdness & Mutations

You are immune to sickness and miasma.
Your stone body is resilient. (AC +4)
You are immune to poison.
You resist negative energy. (rN+)
You are resistant to electric shocks. (rElec)
You are resistant to unholy torment.
You are immune to petrification.


   Skills:
 + Level 3.3 Fighting
 - Level 5.6 Axes
 - Level 3.2 Armour
 - Level 3.2 Shields


You had 5 spell levels left.
You didn't know any spells.
Your spell library was empty.

Inventory:

Hand Weapons
 e - a +0 whip
 Y - a +1 war axe (weapon)
Armour
 b - a +0 scale mail (worn)
 c - a +0 buckler (worn)
 m - a +0 plate armour
Jewellery
 a - a +4 ring of protection (right hand)
 j - a ring of fire
 l - a +4 ring of evasion (left hand)
Scrolls
 f - a scroll of poison {unknown}
Potions
 d - 2 potions of might
 g - a potion of lignification {unknown}
 h - a potion of flight {unknown}
 i - a potion of haste {unknown}
 k - a potion of heal wounds {unknown}

Dungeon Overview and Level Annotations

Branches:
Dungeon (3/15)

Altars:
Kikubaaqudgha

Shops:
D:1 (

Annotations:
D:3 Terence


Message History

Enter note:
Enter note:
Enter note: You slash the endoplasm!
You kill the endoplasm!
A giant cockroach comes into view.
You slash the giant cockroach!
You kill the giant cockroach!
You see here a giant cockroach corpse.
Found a book of the Dragon.
You see here a book of the Dragon.
Terence the Incautious comes into view.
He is wielding a +0 flail and carrying a wand of light (5).
Enter note:
Enter note:
Enter note:
Enter note:
Enter note: Terence says, "How do you enjoy it?"
Terence drinks a potion.
Terence seems to grow stronger.
You hit Terence.
Terence is moderately wounded.
Terence hits you with a +0 flail!
You hit Terence but do no damage.
Terence is moderately wounded.
Terence closely misses you. Terence hits you but does no damage.
You barely miss Terence.
Terence is moderately wounded.
Terence zaps a wand.
The bolt of light hits you but does no damage.
You closely miss Terence.
Terence is moderately wounded.
Terence zaps a wand.
The bolt of light hits you.
You slash Terence!
Terence is severely wounded.
Terence hits you with a +0 flail.
You hit Terence but do no damage.
Terence is severely wounded.
Terence hits you with a +0 flail.
Terence zaps a wand.
The bolt of light hits you!
You die...

........###..###
...............#
###.###.####.###
#...........#
##.###.######
#.# #.# #.# #.#
.#..#####.###.#
......@@......#
.#..#########.#
.........#
########.# #.#
#.# ###


You could see Terence (strong).

Vanquished Creatures
  Sigmund (D:3)
  2 worms (D:2)
  A dart slug (D:1)
  7 ball pythons
  5 bats
  6 endoplasms
  2 giant cockroaches
  4 hobgoblins (D:1)
  6 jackals (D:1)
  10 kobolds
  3 frilled lizards
  6 goblins
  3 rats
56 creatures vanquished.

Vanquished Creatures (others)
  A fungus (D:1)
  2 plants (D:1)
3 creatures vanquished.

Grand Total: 59 creatures vanquished

Notes
Turn   | Place    | Note
-------+----------+-------------------------------------------
     0 | D:1      | qw the Gargoyle Fighter began the quest for the Orb.
     0 | D:1      | Reached XP level 1. HP: 14/14 MP: 1/1
     0 | D:1      | 0 ||| qw: Version: 0.2-a-13-gfc7b4b4
     0 | D:1      | 0 ||| qw: Game counter: 1768
     0 | D:1      | 0 ||| qw: Always use a shield: true
     0 | D:1      | 0 ||| qw: God list: Okawaru
     0 | D:1      | 0 ||| qw: Allow faded altars: false
     0 | D:1      | 0 ||| qw: Do Orc after D:15 true
     0 | D:1      | 0 ||| qw: Do second Lair branch before Depths: true
     0 | D:1      | 0 ||| qw: Lair rune preference: random
     0 | D:1      | 0 ||| qw: Plans: Normal, Zot:1-4, God:TSO, Crypt, Tomb,
                  | Pan, Slime:5, Hells, Abyss, Orb
     0 | D:1      | 0 ||| PLANNING D:1-11
    14 | D:1      | Reached skill level 2 in Axes
    37 | D:1      | 37 ||| Stepping ~*~*~tactically~*~*~ (stealth).
    66 | D:1      | Reached XP level 2. HP: 19/19 MP: 2/2
   130 | D:1      | 130 ||| Stepping ~*~*~tactically~*~*~ (stealth).
   132 | D:1      | 132 ||| Stepping ~*~*~tactically~*~*~ (stealth).
   177 | D:1      | 177 ||| Stepping ~*~*~tactically~*~*~ (stealth).
   183 | D:1      | Reached skill level 3 in Axes
   187 | D:1      | Reached XP level 3. HP: 23/23 MP: 3/3
   207 | D:1      | 207 ||| Stepping ~*~*~tactically~*~*~ (stealth).
   231 | D:1      | 231 ||| Stepping ~*~*~tactically~*~*~ (stealth).
   236 | D:1      | 236 ||| Stepping ~*~*~tactically~*~*~ (stealth).
   257 | D:1      | Found a faded altar of an unknown god.
   321 | D:1      | 321 ||| Stepping ~*~*~tactically~*~*~ (stealth).
   364 | D:1      | Found Asorr's Weapon Emporium.
   403 | D:1      | 403 ||| Stepping ~*~*~tactically~*~*~ (hiding).
   405 | D:1      | 405 ||| Stepping ~*~*~tactically~*~*~ (hiding).
   751 | D:1      | 751 ||| DROPPING ring of flight.
   752 | D:1      | 752 ||| UPGRADING to +4 ring of evasion.
   753 | D:1      | 753 ||| READING 2 scrolls labelled POKAQUBIQI.
   754 | D:1      | 754 ||| READING scroll labelled FEFALY TI CAXY.
   755 | D:1      | 755 ||| READING scroll labelled NEON RONOHUULO.
   756 | D:1      | 756 ||| READING scroll labelled HEOD SOSOOD.
   757 | D:1      | 757 ||| DROPPING scroll of noise.
  1017 | D:2      | Reached XP level 4. HP: 28/28 MP: 4/4
  1700 | D:2      | 1700 ||| UPGRADING to +4 ring of protection.
  1701 | D:2      | 1701 ||| READING scroll labelled SEIMUT NEATT.
  1721 | D:2      | 1721 ||| READING scroll labelled QIGATU SIWOR.
  1722 | D:2      | 1722 ||| DRINKING 2 fuming white potions.
  1882 | D:3      | Found an ancient bone altar of Kikubaaqudgha.
  1935 | D:3      | Noticed Sigmund
  1940 | D:3      | 1940 ||| DRINKING potion of curing.
  1940 | D:3      | 1940 ||| (to cure confusion)
  1945 | D:3      | Killed Sigmund
  1946 | D:3      | Reached skill level 5 in Axes
  1946 | D:3      | Reached XP level 5. HP: 31/32 MP: 5/5
  1946 | D:3      | Reached XP level 6. HP: 36/37 MP: 6/6
  2185 | D:3      | Noticed Terence
  2194 | D:3      | Killed from afar by Terence

Levels and vault maps discovered:
D:1:      minmay_arrival_statue_studded, layout_rooms,
          shapermc_ecumenical_altar_mp_ritualfount, serial_shops,
          nicolae_shop_window_shopping, corexii_corridor_pit, dk_noncrumbling_2,
          minmay_misc_feat_plants, minmay_tripent
D:2:      mumra_celtic_spiral_tile, layout_loops_ring, minmay_pentomino_x2
D:3:      layout_basic, mainiacjoe_overflow_tiny_flanked,
          nicolae_kikubaaqudgha_miasma_corner, uniq_jessica, uniq_sigmund,
          uniq_terence

Skill      XL: |  1  2  3  4 |
---------------+-------------+-----
Axes           | 2 3 5 |  5.6
Fighting       | |  3.3
Armour         | |  3.2
Shields        | |  3.2

Action                   |  1- 3 |  4- 6 || total
-------------------------+-------+-------++-------
Melee: War axe           |   102 |    46 ||   148
Throw: Boomerang         |       |     4 ||     4
  Use: Scroll            |     4 |     2 ||     6
       Potion            |       |     2 ||     2
Armor: Scale mail        |    46 |    24 ||    70
Dodge: Dodged            |    54 |    20 ||    74
Block: Buckler           |    18 |     4 ||    22

Table legend:
 A = Non-vault XP
 B = Vault XP
 C = Vault XP percentage of total XP
 D = Non-vault monster count
 E = Vault monster count
 F = Vault count percentage of total count
                 A         B        C        D         E       F
            +---------+---------+-------+---------+---------+-------
      Total |      97 |     244 |  71.6 |      52 |       4 |   7.1
            +---------+---------+-------+---------+---------+-------
        D:1 |      64 |       3 |   4.5 |      34 |       2 |   5.6
        D:2 |      25 |       2 |   7.4 |      13 |       1 |   7.1
        D:3 |       8 |     239 |  96.8 |       5 |       1 |  16.7
            +---------+---------+-------+---------+---------+-------
